 Dungeon Crawl Stone Soup version 0.18-a0-1792-g362e38b (webtiles) character file.

432 shmeve the Skirmisher (level 6, 0/56 HPs)
             Began as a Draconian Berserker on Apr 23, 2016.
             Was a Priest of Trog.
             Slain by Aak's ghost (2 damage)
             ... on level 5 of the Dungeon.
             The game lasted 00:06:24 (4057 turns).

shmeve the Skirmisher (Draconian Berserker)         Turns: 4057, Time: 00:06:25

Health: 0/56       AC:  9    Str: 21    XL:     6   Next: 67%
Magic:  6/6        EV: 13    Int:  8    God:    Trog [***...]
Gold:   288        SH:  0    Dex: 10    Spells: 0 memorised, 5 levels left

rFire  . . .     SeeInvis .     a - +0 hand axe
rCold  . . .     Gourm    .     (armour unavailable)
rNeg   . . .     Faith    .     (no shield)
rPois  .         Spirit   .     (helmet restricted)
rElec  .         Dismiss  .     (no cloak)
rCorr  .         Reflect  .     s - +1 pair of gloves
SustAt .         Harm     .     u - +0 pair of boots
MR     +....                    (no amulet)
Stlth  +++.......               t - ring of protection from magic
                                v - ring of stealth

@: exhausted, somewhat resistant to hostile enchantments, fairly stealthy
A: unfitting armour, cold-blooded, AC +6
a: Berserk, Trog's Hand, Burn Spellbooks, Renounce Religion


You were on level 5 of the Dungeon.
You worshipped Trog.
Trog was most pleased with you.
You were not hungry.

You visited 1 branch of the dungeon, and saw 5 of its levels.

You collected 288 gold pieces.

Inventory:

Hand Weapons
 a - a +0 hand axe (weapon)
Armour
 s - a +1 pair of gloves (worn)
 u - a +0 pair of boots (worn)
Jewellery
 t - a ring of protection from magic (right hand)
 v - a ring of stealth (left hand)
Scrolls
 c - a scroll of enchant armour {unknown}
 e - 2 scrolls of remove curse {unknown}
 f - a scroll of fear {unknown}
 h - 2 scrolls of magic mapping {unknown}
 i - 8 scrolls of identify {unknown}
 j - a scroll of noise {unknown}
 p - a scroll of fog {unknown}
 A - a scroll of blinking {unknown}
Potions
 g - a potion of cure mutation {unknown}
 k - a potion of degeneration {unknown}
 l - a potion of agility {unknown}
 m - 3 potions of haste {unknown}
 n - a potion of curing {unknown}
 o - 2 potions of resistance {unknown}
 q - a potion of magic {unknown}
 r - a potion of mutation {unknown}
 w - 2 potions of heal wounds {unknown}
 x - a potion of cancellation {unknown}
Books
 y - a book of Flames

   Spells                             Type                      Level
   a - Flame Tongue                   Conjuration/Fire             1
   b - Throw Flame                    Conjuration/Fire             2
   c - Conjure Flame                  Conjuration/Fire             3
   d - Inner Flame                    Hexes/Fire                   3
   e - Sticky Flame                   Conjuration/Fire             4
   f - Fireball                       Conjuration/Fire             5
   Trog disapproves of the use of such an item.
Comestibles
 b - 5 bread rations
 d - 2 beef jerkies
 z - 4 chunks of flesh


   Skills:
 * Level 5.4 Fighting
 * Level 4.6 Axes
 * Level 4.1 Dodging
 + Level 2.3 Stealth


You had 5 spell levels left.
You didn't know any spells.

Dungeon Overview and Level Annotations

Branches:
Dungeon (5/15)
 Temple: D:4-7

Altars:
Gozag
Pakellas
Yredelemnul

Annotations:
D:5 Aak's ghost, novice CeHu


Innate Abilities, Weirdness & Mutations

Your plain brown scales are hard (AC +6).
Your body does not fit into most forms of armour.
You are cold-blooded and may be slowed by cold attacks.


Message History

Aak's ghost is severely damaged.
Aak's ghost hits you!
* * * LOW HITPOINT WARNING * * *
You hit Aak's ghost but do no damage.
Aak's ghost is severely damaged.
Aak's ghost hits you.
* * * LOW HITPOINT WARNING * * *
You hit Aak's ghost.
Aak's ghost is severely damaged.
Aak's ghost hits you.
* * * LOW HITPOINT WARNING * * *
You barely miss Aak's ghost.
You tail-slap Aak's ghost, but do no damage.
Aak's ghost is severely damaged.
Aak's ghost hits you.
* * * LOW HITPOINT WARNING * * *
You barely miss Aak's ghost.
Aak's ghost is severely damaged.
Aak's ghost hits you.
You die...

...........'
...........#
...........#
...........#
...........# ########
#...# ##......# #)).#
#.......##+####.).+
#.<.........@W'.[.#
#.............#..(#
#.............#...#
#.............#...#
##......##....#.)...
#.)....##...##......
#......####+##...##...
........ ###+# ...
..... ..


You could see Aak's ghost.

Vanquished Creatures
  A phantom (D:4)
  A scorpion (D:4)
  A centaur skeleton (D:4)
  An orc priest (D:5)
  4 worker ants
  A hound skeleton (D:4)
  4 adders
  An adder skeleton (D:4)
  2 worms (D:2)
  3 dart slugs
  A giant gecko (D:1)
  8 orcs
  6 bats
  6 giant cockroaches
  6 goblins
  5 hobgoblins (D:1)
  2 jackals (D:2)
  11 kobolds
  2 quokkas
  A ball python (D:3)
  A giant gecko skeleton (D:4)
  8 giant newts
  9 rats
85 creatures vanquished.

Vanquished Creatures (others)
  A crocodile (D:3)
1 creature vanquished.

Grand Total: 86 creatures vanquished

Notes
Turn   | Place    | Note
--------------------------------------------------------------
     0 | D:1      | shmeve the Draconian Berserker began the quest for the Orb.
     0 | D:1      | Reached XP level 1. HP: 19/19 MP: 1/1
   341 | D:1      | Reached XP level 2. HP: 26/26 MP: 2/2
   393 | D:1      | Reached skill level 1 in Stealth
   591 | D:1      | Reached ** piety under Trog
   728 | D:1      | Reached XP level 3. HP: 30/31 MP: 3/3
  1058 | D:2      | Found a faded altar to an unknown god.
  1339 | D:2      | Found an opulent altar of Gozag.
  1980 | D:3      | Reached XP level 4. HP: 18/40 MP: 4/4
  2200 | D:3      | Reached skill level 4 in Fighting
  2307 | D:3      | Reached *** piety under Trog
  2679 | D:3      | Found an oddly glowing altar of Pakellas.
  2679 | D:3      | Noticed an orange crystal statue
  2680 | D:3      | Noticed a crocodile
  2688 | D:3      | Killed a crocodile
  2951 | D:4      | Reached XP level 5. HP: 35/47 MP: 5/5
  3092 | D:4      | Found a basalt altar of Yredelemnul.
  3257 | D:4      | Reached skill level 5 in Fighting
  3348 | D:4      | Noticed a phantom
  3418 | D:4      | Killed a phantom
  3418 | D:4      | Reached XP level 6. HP: 7/56 MP: 6/6
  3995 | D:5      | Entered Level 5 of the Dungeon
  4032 | D:5      | Noticed Aak's ghost (novice CeHu)
  4056 | D:5      | HP: 2/56 [Aak's ghost (5)]
  4057 | D:5      | Slain by Aak's ghost

Vault maps used:
D:1:      eino_arrival_tree_alley
D:2:      nicolae_gozag_seed_capital, serial_co_window_serial,
          co_window_corner_a, co_window_of_opportunity_a, co_window_paths_b,
          co_window_paths_a, co_window_paths_a, co_window_of_opportunity_a,
          co_window_cross_1, co_window_corner_b, co_window_of_opportunity_b,
          co_window_unsneaky_path_a, co_window_paths_c,
          co_window_of_opportunity_c, co_window_4corner_b, co_window_paths_e,
          glass_columns_a, glass_columns_b, glass_columns_a, glass_columns_b,
          glass_columns_a, ecumenical_altar_1
D:3:      gammafunk_pakellas_statue_experiment
D:4:      yredelemnul_altar_generic, first_bread, lemuel_another_geyser
D:5:      cheibriados_altar_wand_db

Skill      XL: |  1  2  3  4  5 |
---------------+----------------+-----
Stealth        | 1 2 |  2.3
Dodging        | 3 4 |  4.1
Fighting       | 4 5 |  5.4
Axes           | 4 |  4.6

Action                   |  1- 3 |  4- 6 || total
-------------------------+-------+-------++-------
Melee: Hand axe          |   147 |   184 ||   331
       Tailslap          |    15 |    21 ||    36
Invok: Berserk           |       |     2 ||     2
       Trog's Hand       |       |     1 ||     1
 Stab: Distracted        |     1 |       ||     1
       Sleeping          |     3 |     1 ||     4
  Eat: Chunk             |     3 |     5 ||     8
       Meat ration       |       |     1 ||     1
       Royal jelly       |       |     1 ||     1
Armor: Skin              |    40 |    60 ||   100
Dodge: Dodged            |    93 |   137 ||   230
